[Event "*** SCC Grand Prix: Titled Tuesday Blitz"]
[Site "Chess.com"]
[Date "2020.06.02"]
[Round "4"]
[White "rubhani"]
[Black "freshfoodcompany"]
[Result "1-0"]
[WhiteElo "2570"]
[BlackElo "2221"]
[TimeControl "180+1"]
[EndTime "10:40:35 PDT"]
[Termination "rubhani won by checkmate"]

1. e4 c5 2. Nf3 Nc6 3. d4 cxd4 4. Nxd4 Nf6 5. Nc3 e5 6. Ndb5 d6 7. Bg5 a6 8. Na3 b5 9. Nd5 Be7 10. Bxf6 Bxf6 11. c3 O-O 12. Nc2 Rb8 13. a4 bxa4 14. Ncb4 Nxb4 15. cxb4 Bb7 16. Rxa4 Qc8 17. Nxf6+ gxf6 18.
Bd3 Rd8 19. O-O d5 20. exd5 Rxd5 21. Qb1 Qc6 22. Bxh7+ Kg7 23. b5 axb5 24. Rg4+ Kh8 25. Be4 Rg8 26. Rxg8+ Kxg8 27. Qa2 Qd7 28. Bxd5 Bxd5 29.
Rd1 Bxa2 30. Rxd7 Bc4 31. h4 Kg7 32. Kh2 Be6 33. Rb7 Bc4 34. g4 Kg6 35. Kg3 Kg7 36.
h5 Kh6 37. Rb6 Kg5 38. Rb8 Kh6 39. f4 e4 40. Rb6 Kg7 41. Rb7 e3 42. Re7 e2 43.
Kf2 Kh6 44. Rxe2 Bxe2 45. Kxe2 f5 46. Kf3 f6 47. Kg3 b4 48. b3 fxg4 49. Kxg4 Kg7 50.
Kf5 Kf7 51. h6 Kg8 52. Kxf6 Kh7 53. Kg5 Kh8 54. f5 Kh7 55. f6 Kg8 56. Kg6 Kh8 57. Kf7 Kh7 58. Ke7 Kxh6 59. f7 Kg5 60. f8=Q Kg4 61. Qf6 Kh3 62. Ke6 Kh2 63. Qf5 Kg1 64.
Ke5 Kh1 65. Ke4 Kh2 66. Kf3 Kh1 67. Qg4 Kh2 68. Qg2# 1-0

[Event "*** SCC Grand Prix: Titled Tuesday Blitz"]
[Site "Chess.com"]
[Date "2020.06.02"]
[Round "4"]
[White "zmeeed67"]
[Black "Shivagami"]
[Result "1-0"]
[WhiteElo "2444"]
[BlackElo "2253"]
[TimeControl "180+1"]
[EndTime "10:40:35 PDT"]
[Termination "zmeeed67 won on time"]

1. d4 Nf6 2. c4 c5 3. d5 e6 4. Nc3 exd5 5. cxd5 d6 6. Nf3 g6 7. Bf4 a6 8. a4 Bg7 9. h3 O-O 10. e3 Ne8 11. Be2 Nd7 12. O-O Rb8 13. Nd2 Ne5 14.
a5 Nc7 15. Na4 Nxd5 16. Ne4 Be6 17. Bg5 f6 18. Bh4 g5 19. Bg3 f5 20. Nec3 Nxc3 21. Nxc3 f4 22. Bh2 f3 23. gxf3 Bxh3 24. Re1 Qf6 25. Ne4 Qg6 26. Qxd6 Nxf3+ 27. Bxf3 Qxd6 28. Nxd6 Rxf3 29. Ne4 Rbf8 30. Nxg5 Bxb2 31. Rab1 Bc3 32. Nxf3 Rxf3 33. Rec1 Bb4 34. Bd6 Rf5 35. e4 Rh5 36. e5 Bf5 37. Rb3 Rg5+ 38. Rg3 Rxg3+ 39. fxg3 Bd2 40.
Rc4 Be3+ 41. Kg2 Bd3 42. Rc3 Be4+ 43. Kh3 Bd4 44. Rc1 Be3 45. Re1 Bf5+ 46. g4 Bxg4+ 47.
Kxg4 Bd4 48. e6 1-0

[Event "*** SCC Grand Prix: Titled Tuesday Blitz"]
[Site "Chess.com"]
[Date "2020.06.02"]
[Round "4"]
[White "beto-betun"]
[Black "Savva09022009"]
[Result "1/2-1/2"]
[WhiteElo "2160"]
[BlackElo "2389"]
[TimeControl "180+1"]
[EndTime "10:40:35 PDT"]
[Termination "Game drawn by agreement"]

1. d4 c5 2. d5 d6 3. c4 g6 4. Nc3 Bg7 5. e4 e6 6. Bd3 Nf6 7. Nf3 Kf8 8. O-O e5 9. Be3 Ng4 10. Bd2 Kg8 11. h3 Nf6 12. Nh2 h6 13. f4 exf4 14.
Bxf4 Kh7 15. Qd2 Na6 16. Rae1 Re8 17. g4 Nc7 18. Rf2 Ng8 19. Ref1 Qe7 20. Ne2 Rf8 21.
Nf3 Bd7 22. Ng3 Rae8 23. e5 dxe5 24. Nxe5 Bxe5 25. Bxe5 Qxe5 26. Rxf7+ Rxf7 27. Rxf7+ Kh8 28. Ne4 Qd4+ 29. Nf2 Re7 30. Rxe7 Nxe7 31. Qxh6+ Kg8 32. Bxg6 Qg7 33. Qxg7+ Kxg7 34. Bd3 Ng6 35. Ne4 b6 36. Kf2 Ne8 37. Kg3 Nf6 38. b3 Ne5 39. Bc2 Nxe4+ 40. Bxe4 b5 41. Kf4 Nf7 42. h4 Nd6 43. Bd3 bxc4 44.
bxc4 Bc8 45. g5 Ba6 46. Ke5 Nxc4+ 47. Bxc4 Bxc4 48. Kd6 Bxa2 49. Kxc5 Bb3 50. d6 Kf7 51. h5 a5 52. g6+ Kf8 53. d7 Ke7 54. g7 Kxd7 55.
h6 Bg8 56. h7 Bxh7 57. g8=Q Bxg8 58. Kb5 a4 1/2-1/2

[Event "*** SCC Grand Prix: Titled Tuesday Blitz"]
[Site "Chess.com"]
[Date "2020.06.02"]
[Round "4"]
[White "ChronicUnhappiness"]
[Black "FMOlexandrProhorov"]
[Result "1-0"]
[WhiteElo "2308"]
[BlackElo "2066"]
[TimeControl "180+1"]
[EndTime "10:40:35 PDT"]
[Termination "ChronicUnhappiness won on time"]

1. d4 g6 2. c4 Bg7 3. e4 d6 4.
Nc3 e5 5. Nf3 exd4 6. Nxd4 Nc6 7. Nxc6 bxc6 8. Be3 Ne7 9. Bd3 O-O 10. Qd2 f5 11. exf5 Bxf5 12. O-O Bxd3 13. Qxd3 Nf5 14. Bd2 Qh4 15. Rae1 Rae8 16. b3 Qd4 17. Qxd4 Nxd4 18. Rxe8 Rxe8 19. Re1 Rxe1+ 20. Bxe1 Kf7 21. Kf1 Ke6 22.
f3 d5 23. cxd5+ cxd5 24. Na4 Nc2 25. Bd2 Kd6 26. Ke2 c5 27. Kd3 Na3 28. Be3 d4 29. Bf4+ Kc6 30. Nb2 Kd5 31. g4 Bf8 32. h4 Nb1 33. Nc4 Nc3 34. a4 Na2 35. Bd2 Be7 36. h5 Bf6 37. hxg6 hxg6 38. Kc2 a6 39. Kd3 Bg7 40. f4 Bf6 41. f5 gxf5 42. gxf5 Bd8 43.
Bf4 Nb4+ 44. Kd2 Ke4 45. Bd6 Kxf5 46. Bxc5 Nc6 47. Kd3 Bf6 48. Nd6+ Ke6 49. Ne4 Bh8 50. Ng5+ Kd5 51. Bb6 Nb4+ 52. Kd2 d3 53. Nf3 Ke4 54.
Ng5+ Kf4 55. Ne6+ Kf3 56. Nc5 Bd4 57. Nxa6 1-0

[Event "*** SCC Grand Prix: Titled Tuesday Blitz"]
[Site "Chess.com"]
[Date "2020.06.02"]
[Round "4"]
[White "Jospem"]
[Black "csati17"]
[Result "1/2-1/2"]
[WhiteElo "2873"]
[BlackElo "2560"]
[TimeControl "180+1"]
[EndTime "10:40:36 PDT"]
[Termination "Game drawn by repetition"]

1. c4 e6 2. g3 d5 3. Nf3 Nf6 4. Bg2 Be7 5. O-O O-O 6. b3 d4 7. e3 c5 8. exd4 cxd4 9. Bb2 Nc6 10. Re1 Ne8 11. Ne5 Nxe5 12. Rxe5 f6 13. Re1 e5 14.
Ba3 Bxa3 15. Nxa3 Nc7 16. d3 Qd6 17. Nc2 a5 18. a3 Bf5 19. Qd2 Ra7 20. b4 axb4 21.
axb4 Rfa8 22. Ra5 b6 23. c5 bxc5 24. Bxa8 Rxa5 25. bxa5 Nxa8 26. Na3 Qd5 27. Qc2 Qf3 28. Qd1 Qd5 29. Nc4 h6 30. Nb6 Nxb6 31. axb6 Kh7 32.
Qe2 Qc6 33. Rb1 e4 34. b7 exd3 35. Qh5 g6 36. Qxf5 gxf5 37. b8=Q d2 38. Rb7+ Kg6 39.
Qg8+ Kh5 40. Qf7+ Kg4 41. h3+ Kf3 42. Qh5+ Ke4 43. Re7+ Kd3 44. Qd1 Kc3 45. Ra7 Qb5 46.
Ra3+ Kc4 47. Qe2+ Kb4 48. Rb3+ Kxb3 49. Qxb5+ Kc2 50. Qc4+ Kb1 51. Qb3+ Kc1 52. Qa3+ Kc2 53. Qa2+ Kc1 54. Qc4+ Kb1 55. Qf1+ Kc2 56. Qe2 Kc1 57. Qc4+ Kb1 1/2-1/2

[Event "*** SCC Grand Prix: Titled Tuesday Blitz"]
[Site "Chess.com"]
[Date "2020.06.02"]
[Round "4"]
[White "KaterynaLagno"]
[Black "Superfelix"]
[Result "1/2-1/2"]
[WhiteElo "2675"]
[BlackElo "2495"]
[TimeControl "180+1"]
[EndTime "10:40:36 PDT"]
[Termination "Game drawn by repetition"]

1. e4 c6 2. d4 g6 3. Nc3 d5 4. Nf3 dxe4 5. Nxe4 Nf6 6. Nxf6+ exf6 7. h3 Bg7 8. Bc4 O-O 9. O-O a5 10. a4 Na6 11. c3 Nc7 12. Re1 Nd5 13. Bd2 Be6 14. Bf1 Qd7 15. Qc2 Rfe8 16. Rad1 Bf5 17. Qb3 Be4 18. c4 Bxf3 19. Qxf3 Nb4 20. Qb3 f5 21. Bc3 b6 22. Rxe8+ Rxe8 23. d5 c5 24. Re1 Rxe1 25.
Bxe1 Qe7 26. Bc3 Be5 27. Qd1 Qd6 28. Bxe5 Qxe5 29. d6 Qd4 30. Qxd4 cxd4 31. g4 fxg4 32. hxg4 f6 33. f4 Kf7 34. c5 bxc5 35. Bc4+ Ke8 36.
Bb5+ Kd8 37. g5 fxg5 38. fxg5 Nd5 39. Bc4 Nf4 40. Kf2 Nh3+ 41. Kg3 Nxg5 42. Kf4 Nh3+ 43. Ke5 Nf2 44. Kd5 d3 45. Kxc5 d2 46. Be2 d1=Q 47. Bxd1 Nxd1 48. b4 axb4 49. a5 b3 50. a6 b2 51. a7 b1=Q 52. a8=Q+ Kd7 53. Qc6+ Ke6 54. Qe8+ Kf6 55. d7 Qc2+ 56. Kb6 Qb3+ 57. Ka7 Qa4+ 58. Kb8 Qb5+ 59. Ka7 Qa5+ 60. Kb8 Qb6+ 61.
Ka8 Qa6+ 62. Kb8 Qb6+ 63. Ka8 Qa6+ 64. Kb8 Qb6+ 1/2-1/2

[Event "*** SCC Grand Prix: Titled Tuesday Blitz"]
[Site "Chess.com"]
[Date "2020.06.02"]
[Round "4"]
[White "Ba_clbaf_osed_ingo_3v21"]
[Black "DivyaDeshmukh23"]
[Result "0-1"]
[WhiteElo "2644"]
[BlackElo "2482"]
[TimeControl "180+1"]
[EndTime "10:40:36 PDT"]
[Termination "DivyaDeshmukh23 won by checkmate"]

1. d4 Nf6 2. c4 e6 3. Nf3 Bb4+ 4.
Nbd2 d5 5. Qa4+ Nc6 6. e3 O-O 7. Bd3 dxc4 8. Bxc4 Bxd2+ 9. Bxd2 Ne7 10. O-O b6 11.
Rac1 Bb7 12. Be2 Ned5 13. Qc2 Rc8 14. e4 Ne7 15. e5 Nfd5 16. b4 Nf5 17. Bd3 Nde7 18.
Be4 Bxe4 19. Qxe4 Qd5 20. Qxd5 Nxd5 21. g4 Nfe7 22. a3 Rfd8 23. Bg5 h6 24. Be3 c6 25. Rc2 a5 26. bxa5 bxa5 27. Nd2 Rb8 28. Nc4 Rb3 29. Nxa5 Rxa3 30. Nxc6 Nxc6 31. Rxc6 Nxe3 32. fxe3 Rxe3 33. Rc7 Rxd4 34. Rfxf7 Rxg4+ 35. Kf2 Rxe5 36. Rfe7 Rg6 37. Rc8+ Kh7 38. Rc3 Rf6+ 39. Kg3 Re1 40. h4 e5 41. Rc4 Re3+ 42. Kg4 Rf1 43. Re6 Rg1+ 44. Kf5 Rge1 45. Rc7 e4 46. Ree7 Rf3+ 47. Kg4 Rg1+ 48. Kh5 Rf5# 0-1

[Event "*** SCC Grand Prix: Titled Tuesday Blitz"]
[Site "Chess.com"]
[Date "2020.06.02"]
[Round "4"]
[White "Anna_ChessMate"]
[Black "Kaua18"]
[Result "1-0"]
[WhiteElo "2552"]
[BlackElo "2331"]
[TimeControl "180+1"]
[EndTime "10:40:36 PDT"]
[Termination "Anna_ChessMate won by checkmate"]

1. d4 Nf6 2. c4 e6 3. Nf3 b6 4. g3 Bb7 5. Bg2 Bb4+ 6. Bd2 c5 7. O-O O-O 8. Bxb4 cxb4 9. a3 bxa3 10. Nxa3 Qe7 11. Nb5 a6 12. Nc3 d6 13. Qd3 Nbd7 14. e4 Rac8 15. Rfe1 h6 16. h3 Rfe8 17. g4 Nf8 18. b3 Ng6 19. Qd2 e5 20. Nd5 Bxd5 21.
exd5 Qc7 22. dxe5 Nxe5 23. Rxa6 b5 24. Nxe5 dxe5 25. Rxf6 gxf6 26. Qxh6 Qa5 27. Re3 e4 28. Bxe4 Qa1+ 29. Kg2 Rxe4 30. Rxe4 bxc4 31. bxc4 Qc3 32. Qe3 Rxc4 33. Rxc4 Qxc4 34. Qf3 Kg7 35. d6 Qd4 36. Qc6 f5 37. d7 fxg4 38. h4 Qd1 39. Qc3+ Kg6 40.
Qc6+ f6 41. Qb5 f5 42. Qc6+ Kh5 43. Qc7 Qf3+ 44. Kg1 Qd1+ 45. Kh2 g3+ 46. Qxg3 Qxd7 47. Qg5# 1-0

[Event "*** SCC Grand Prix: Titled Tuesday Blitz"]
[Site "Chess.com"]
[Date "2020.06.02"]
[Round "4"]
[White "Siniauski"]
[Black "AlexTriapishko"]
[Result "0-1"]
[WhiteElo "2499"]
[BlackElo "2709"]
[TimeControl "180+1"]
[EndTime "10:40:38 PDT"]
[Termination "AlexTriapishko won on time"]

1. e4 e5 2. Nf3 Nc6 3. Bb5 a6 4. Ba4 d6 5. c3 Bd7 6. O-O Nf6 7. Re1 g6 8. d4 Bg7 9. h3 O-O 10. Nbd2 exd4 11. cxd4 Nb4 12. Bxd7 Qxd7 13. Nf1 Qc6 14. d5 Qc2 15. Bd2 Qxd1 16. Rexd1 Nd3 17. Bc3 Nc5 18. e5 Nfe4 19. Bd4 dxe5 20. Bxe5 Bxe5 21. Nxe5 Rfe8 22. Nc4 Rad8 23. Nfe3 Nd6 24. Rac1 Re7 25. Nxd6 cxd6 26. b4 Na4 27. Rc2 Kg7 28. Rdc1 h5 29. g3 Kf6 30. Kg2 Rdd7 31. Kf3 Re5 32. g4 Nb6 33. Rc7 Ree7 34. Rxd7 Nxd7 35. Kf4 Ne5 36. g5+ Kg7 37.
Rc8 Nd3+ 38. Kf3 Nxb4 39. a3 Nd3 40. Rb8 Nc5 41. Rd8 Ne4 42. Kf4 b5 43. f3 Nc5 44.
Nc2 Re2 45. Nd4 Nd3+ 46. Kg3 h4+ 47. Kxh4 Rg2 48. Rd7 Ne5 49. Ne6+ Kg8 50. Rd8+ Kh7 51. Nf8+ Kg7 0-1

[Event "*** SCC Grand Prix: Titled Tuesday Blitz"]
[Site "Chess.com"]
[Date "2020.06.02"]
[Round "4"]
[White "Gabrielian_Artur"]
[Black "SergeyKarjakin"]
[Result "0-1"]
[WhiteElo "2735"]
[BlackElo "2941"]
[TimeControl "180+1"]
[EndTime "10:40:39 PDT"]
[Termination "SergeyKarjakin won on time"]

1. e4 c5 2. Nc3 d6 3. d4 cxd4 4. Qxd4 Nf6 5. b3 Nc6 6. Qd2 g6 7. Bb2 Bg7 8. O-O-O O-O 9. f3 Qa5 10. Kb1 Bd7 11. Nge2 Rac8 12. Nd5 Qxd2 13. Nxf6+ Bxf6 14. Rxd2 Bxb2 15. Kxb2 Kg7 16. Nf4 Be6 17. h4 h6 18.
Be2 Ne5 19. c4 g5 20. Nh5+ Kg6 21. g4 Rh8 22. Ng3 f6 23. h5+ Kf7 24. Rc1 a6 25. Nf1 Rc7 26. Ne3 Rhc8 27. a4 b5 28. axb5 axb5 29. Rdc2 bxc4 30. Nxc4 Bxc4 31. bxc4 Ke6 32.
Rc3 Ra7 33. Ra3 Rxa3 34. Kxa3 Nc6 35. Rd1 Ke5 36. Kb2 Nd4 37. Bf1 Nxf3 38. Kc3 Kf4 39. Rb1 Ne5 40. Rb7 Re8 41. c5 dxc5 42. Bb5 Rh8 43.
Rxe7 Kxg4 44. Re6 Rf8 45. Be2+ Kh4 46. Re7 g4 47. Rh7 Kxh5 48. Rg7 Kh4 49. Kd2 h5 50.
Ke3 Kg3 51. Ra7 h4 52. Ra1 h3 53. Rg1+ Kh4 54. Kf4 h2 55. Ra1 g3 0-1

[Event "*** SCC Grand Prix: Titled Tuesday Blitz"]
[Site "Chess.com"]
[Date "2020.06.02"]
[Round "4"]
[White "memer5334"]
[Black "witcher8"]
[Result "0-1"]
[WhiteElo "2215"]
[BlackElo "2433"]
[TimeControl "180+1"]
[EndTime "10:40:39 PDT"]
[Termination "witcher8 won by checkmate"]

1. d4 Nf6 2. c4 g6 3. Nc3 Bg7 4. Nf3 d6 5. e4 O-O 6. Be3 e5 7. dxe5 dxe5 8. Qxd8 Rxd8 9. Bg5 Re8 10. Bxf6 Bxf6 11. Nd5 Bd8 12. O-O-O c6 13. Nc3 Bf6 14. h3 Be6 15. Be2 Nd7 16. b4 a5 17. a3 axb4 18.
axb4 Nb6 19. Nd2 Bg5 20. Kc2 Bxd2 21. Rxd2 Bxc4 22. Bxc4 Nxc4 23. Rd7 b5 24. Rhd1 Rac8 25. Ra7 Red8 26. Rxd8+ Rxd8 27. Rc7 Rd2+ 28. Kc1 Rxf2 29. Rxc6 Rxg2 30. Nxb5 Nd2 31. Rc8+ Kg7 32. Nd6 Nb3+ 33. Kb1 Rd2 34. Ne8+ Kh6 35. b5 Rd7 36. Nf6 Rb7 37.
Ng4+ Kg7 38. Kb2 Rxb5 39. Ka3 h5 40. Ne3 Nd4 41. Nd5 Rb3+ 42. Ka4 Rxh3 43. Kb4 Rh4 44. Kc5 Rxe4 45. Nc7 h4 46. Kd5 Re1 47. Ne8+ Kh6 48.
Nf6 Kg5 49. Ne4+ Kf4 50. Nc5 Ra1 51. Rh8 g5 52. Nd3+ Kg3 53. Nxe5 Nf3 54. Nxf7 g4 55.
Nh6 Ra5+ 56. Ke4 Re5+ 57. Kd3 h3 58. Rg8 Rd5+ 59. Ke2 Re5+ 60. Kd3 Rd5+ 61. Ke2 Ne5 62. Nf5+ Kf4 63. Ne3 Ra5 64. Rf8+ Kg3 65. Nf5+ Kg2 66. Ne3+ Kg1 67. Rf1+ Kh2 68. Rf2+ Kg1 69. Rf1+ Kh2 70.
Rf5 Ra2+ 71. Kf1 Nf3 72. Nxg4+ Kg3 73. Ne3 Rf2# 0-1

[Event "*** SCC Grand Prix: Titled Tuesday Blitz"]
[Site "Chess.com"]
[Date "2020.06.02"]
[Round "4"]
[White "JosefineHeinemann"]
[Black "chito89"]
[Result "0-1"]
[WhiteElo "2560"]
[BlackElo "2807"]
[TimeControl "180+1"]
[EndTime "10:40:40 PDT"]
[Termination "chito89 won by resignation"]

1. e4 e5 2. Nf3 Nc6 3. Bb5 a6 4. Ba4 d6 5. O-O Bd7 6. d4 Nge7 7. d5 Nb8 8. Bxd7+ Nxd7 9. c4 g6 10. Nc3 Bg7 11. Be3 O-O 12. Nd2 f5 13. f3 f4 14. Bf2 g5 15. b4 h5 16. c5 Nf6 17.
Nc4 Ng6 18. Rc1 g4 19. Na4 g3 20.
hxg3 fxg3 21. Bxg3 h4 22. Bf2 Nh5 23. cxd6 cxd6 24.
Nab6 Rb8 25. Na5 Ngf4 26. Kh2 Qg5 27. Rg1 Rf6 28. Qa4 Rd8 29. Rc8 Rxc8 30. Nxc8 Rh6 31.
Qe8+ Kh7 32. Qd7 Ne2 33. Qf5+ Qxf5 34. exf5 Nxg1 35. Kxg1 Nf4 36. Nxb7 h3 37. g3 h2+ 38.
Kh1 Nxd5 39. Ncxd6 Nxb4 40. Ne4 Nxa2 41. Be3 Rc6 42.
Kxh2 Nb4 43. Nbd6 Nd5 44. Bg5 a5 45. f6 Bf8 46. f7 Kg6 47. Ne8 Rc2+ 48. Kh3 Kxf7 49.
N8d6+ Ke6 50. Nb5 a4 51. Na3 Ra2 52. Nc4 Rc2 53. Na5 Bb4 54. Nb7 a3 55. Bh6 a2 56.
Ng5+ Kd7 0-1

[Event "*** SCC Grand Prix: Titled Tuesday Blitz"]
[Site "Chess.com"]
[Date "2020.06.02"]
[Round "4"]
[White "Gerodot71"]
[Black "Irishchessman16"]
[Result "0-1"]
[WhiteElo "2345"]
[BlackElo "2421"]
[TimeControl "180+1"]
[EndTime "10:40:40 PDT"]
[Termination "Irishchessman16 won by checkmate"]

1. d4 d5 2. c4 c6 3. Nf3 Nf6 4. Nc3 e6 5. e3 Nbd7 6. Be2 Bd6 7. O-O O-O 8. b3 b6 9. Bb2 Bb7 10. Qc2 Qe7 11. a4 a5 12. Rad1 Rfe8 13. Rfe1 Rad8 14.
e4 Nxe4 15. Nxe4 dxe4 16. Qxe4 Nf6 17. Qc2 Bb4 18. Rf1 c5 19. Ne5 cxd4 20. Bxd4 Bc5 21. Bc3 Be4 22. Qb2 Qb7 23. Bf3 Bxf3 24. Nxf3 Ne4 25.
Rxd8 Rxd8 26. Bxg7 Nxf2 27. Bd4 Nd3 28. Qd2 Bxd4+ 29.
Nxd4 Rxd4 30. Qg5+ Kf8 31. Qf6 Rd7 32. h4 Ke8 33. h5 Re7 34. Qh8+ Kd7 35. Qxh7 Nc5 36. h6 Qe4 37. Rd1+ Kc7 38. Qh8 Qe3+ 39. Kh1 Rd7 40. Rxd7+ Nxd7 41. h7 Qh6+ 42. Kg1 Nf6 43. Qa8 Qxh7 44.
Qa7+ Kc6 45. Qe7 Qb1+ 46. Kh2 Ng4+ 47. Kg3 Qf5 48. Qe8+ Kc5 49. Qb5+ Kd4 50. Qxb6+ Kd3 51. Qd6+ Ke2 52. c5 Ne3 53. Qf4 Qg6+ 54. Kh4 Nxg2+ 55.
Kh3 Nxf4+ 56. Kh2 Qg2# 0-1

[Event "*** SCC Grand Prix: Titled Tuesday Blitz"]
[Site "Chess.com"]
[Date "2020.06.02"]
[Round "4"]
[White "pavelalexandru07"]
[Black "Lovinski"]
[Result "1-0"]
[WhiteElo "2129"]
[BlackElo "2374"]
[TimeControl "180+1"]
[EndTime "10:40:40 PDT"]
[Termination "pavelalexandru07 won by resignation"]

1. e4 e5 2. Nf3 Nc6 3. Bb5 a6 4.
Ba4 Nf6 5. O-O Be7 6. Re1 b5 7. Bb3 d6 8. c3 O-O 9. h3 Nb8 10. d4 Nbd7 11. a4 Bb7 12. Nbd2 c5 13. Bc2 cxd4 14. cxd4 exd4 15. Nxd4 Re8 16. axb5 axb5 17. Rxa8 Bxa8 18. Nxb5 Qb6 19. Nc3 Nc5 20. Nc4 Qa6 21.
b3 Bf8 22. f3 h6 23. Be3 Bb7 24. Qd2 Rd8 25. Qf2 Ne6 26. Rd1 d5 27. exd5 Nxd5 28.
Nxd5 Bxd5 29. Qe2 Bb4 30. Bf2 Qc6 31. Ne5 Qb7 32. Nc4 Bc5 33. Bxc5 Nxc5 34. Qe3 Ne6 35. Qd3 g6 36. Ne3 Nf4 37. Qd2 Kh7 38. Nxd5 Qa7+ 39.
Qe3 Qxe3+ 40. Nxe3 Re8 41. Kf2 Ne6 42. b4 Rb8 43.
Rb1 Rb6 44. Bd3 Nd4 45. Be2 Ne6 46. b5 h5 47. Nd5 Rb8 48. b6 Nc5 49. Bc4 Kg7 50. Nc7 Kf6 51. Na6 Rb7 52. Nxc5 Rb8 53. b7 Re8 54. Na6 1-0

[Event "*** SCC Grand Prix: Titled Tuesday Blitz"]
[Site "Chess.com"]
[Date "2020.06.02"]
[Round "4"]
[White "GoValya"]
[Black "plumalka"]
[Result "0-1"]
[WhiteElo "2174"]
[BlackElo "2404"]
[TimeControl "180+1"]
[EndTime "10:40:41 PDT"]
[Termination "plumalka won on time"]

1. d4 Nf6 2. c4 c5 3. d5 b5 4. cxb5 a6 5. b6 d6 6. Nc3 Nbd7 7. e4 g6 8. Nf3 Bg7 9. Be2 O-O 10. O-O Nxb6 11. e5 dxe5 12. Be3 Qd6 13. Rc1 Bb7 14.
Ng5 Rac8 15. Nce4 Nxe4 16. Nxe4 Qxd5 17. Qxd5 Bxd5 18. Bxc5 Bxe4 19. Bxb6 Rb8 20. Bc5 Rxb2 21. Bxa6 Rxa2 22. Bc4 Rb2 23. Bxe7 Re8 24. Ba3 Rb7 25. Rfd1 Bf8 26. Bd6 h5 27. h4 Be7 28. Bxe7 Rbxe7 29.
Rd6 Kg7 30. Rcd1 Rc8 31. Bd5 Bf5 32. Rc6 Rb8 33. Bf3 e4 34. Be2 Rb2 35. Bc4 Bg4 36. Rdd6 Ra7 37. Rf6 Rc2 38. Kh2 Be6 39. Rfxe6 fxe6 40. Bd5 Rxf2 41. Bxe4 Rf6 42. Bf3 Re7 43. Kg3 e5 44. Be4 Rxc6 45. Bxc6 Kf6 46. Be4 Rc7 47. Kf3 Rc3+ 48. Kf2 g5 49. hxg5+ Kxg5 50. Bf3 h4 51. Ke2 Kf4 52. Kd2 Ra3 53. Ke2 e4 54. Bh5 Ra2+ 55. Kf1 Ke3 56. Kg1 Ra1+ 57. Kh2 Kf2 58.
Kh3 Rh1+ 59. Kg4 e3 60. Kf4 e2 61. Bxe2 Kxe2 0-1

[Event "*** SCC Grand Prix: Titled Tuesday Blitz"]
[Site "Chess.com"]
[Date "2020.06.02"]
[Round "4"]
[White "Mikedannnn"]
[Black "GoltsevDmitry2000"]
[Result "0-1"]
[WhiteElo "2458"]
[BlackElo "2647"]
[TimeControl "180+1"]
[EndTime "10:40:42 PDT"]
[Termination "GoltsevDmitry2000 won by resignation"]

1. e4 c5 2. Nf3 e6 3. c4 Nc6 4.
Nc3 Nd4 5. Be2 d6 6. O-O Nf6 7. d3 e5 8. a3 Nxe2+ 9. Nxe2 Bg4 10. Ng3 Be7 11. b4 Nd7 12. h3 Be6 13. Rb1 O-O 14.
Be3 b6 15. Ne1 Bg5 16. Nc2 g6 17. Ne2 f5 18. f4 Bf6 19. exf5 Bxf5 20. g4 Be6 21. f5 Bf7 22. g5 Bxg5 23. Nc3 Bxe3+ 24. Nxe3 Qg5+ 25. Ng4 gxf5 26. Rxf5 Qg6 27. Ne4 Kh8 28. Rg5 Qe6 29. Qd2 Rg8 30. Rf1 Bg6 31. Ngf6 Rg7 32. h4 Rf8 33. Nxd7 Rxf1+ 34. Kxf1 Rxd7 35. Kg1 Rf7 36. Rg2 Bxe4 37. dxe4 Qxc4 38. Qg5 Qf1+ 39. Kh2 Qf4+ 40. Qxf4 Rxf4 41. bxc5 bxc5 42. Rd2 Rxh4+ 43. Kg3 Rxe4 44. Rxd6 Re3+ 45. Kf2 Rxa3 46. Rd5 c4 47. Rxe5 Kg7 48. Rc5 c3 49. Kf3 Kf6 50. Kg4 Ke6 51. Kh5 Kd6 52. Rc8 Kd5 53. Rd8+ Kc4 54. Rc8+ Kd3 55.
Rd8+ Kc2 56. Kg4 Kb2 0-1

[Event "*** SCC Grand Prix: Titled Tuesday Blitz"]
[Site "Chess.com"]
[Date "2020.06.02"]
[Round "4"]
[White "Guenplen"]
[Black "chessdude"]
[Result "1/2-1/2"]
[WhiteElo "2912"]
[BlackElo "2624"]
[TimeControl "180+1"]
[EndTime "10:40:43 PDT"]
[Termination "Game drawn by repetition"]

1. d4 Nf6 2. Bf4 d5 3. e3 c5 4. c3 Nc6 5. Nd2 Bf5 6. Ngf3 e6 7. Nh4 Bg4 8. Qb3 Qd7 9. h3 Bh5 10. g4 Bg6 11. Nxg6 hxg6 12. Bg2 cxd4 13. exd4 Na5 14. Qd1 Bd6 15. Bxd6 Qxd6 16. Qe2 Nc6 17. O-O Qf4 18. Rfe1 g5 19. Qe3 Ne7 20. Nf3 Qxe3 21. fxe3 Ne4 22. Ne5 f6 23. Nd3 b6 24. Nf2 f5 25. c4 Nxf2 26.
Kxf2 fxg4 27. hxg4 Rc8 28. cxd5 exd5 29. Rac1 Kd7 30.
Kg3 Rxc1 31. Rxc1 Rc8 32. Rxc8 Kxc8 33. e4 dxe4 34. Bxe4 Kc7 35. Kf3 Kd6 36. Ke3 Ng8 37. a3 Nf6 38. Bf3 Ke6 39. Kd3 Kd6 40. Kc4 Ng8 41. Kb5 Kc7 42. a4 Nf6 43. Ka6 Kb8 44. a5 bxa5 45. Kxa5 Ne8 46. Kb5 Kc7 47. Kc5 Nf6 48. d5 Ne8 49. Be4 Nd6 50. Bg6 Kd7 51. Bd3 Kc7 52. Kd4 Kd7 53. Ke5 Ke7 54. b3 Kd7 55.
Bf5+ Ke7 56. Be6 Nb5 57. Bf5 Nd6 58. Bd3 Kd7 59. Bc2 Ke7 60. Bb1 Kd7 61. Bf5+ Ke7 1/2-1/2

[Event "*** SCC Grand Prix: Titled Tuesday Blitz"]
[Site "Chess.com"]
[Date "2020.06.02"]
[Round "4"]
[White "chessplayer9919"]
[Black "LionTheLeon_06"]
[Result "1-0"]
[WhiteElo "2509"]
[BlackElo "2678"]
[TimeControl "180+1"]
[EndTime "10:40:43 PDT"]
[Termination "chessplayer9919 won on time"]

1. d4 Nf6 2. c4 e6 3. Nf3 b6 4.
g3 Bb7 5. Bg2 Be7 6. O-O O-O 7. d5 exd5 8. Nh4 c6 9. cxd5 Nxd5 10.
Nf5 Nc7 11. Nc3 d5 12. e4 Bf6 13. Bf4 d4 14. Ne2 c5 15. e5 Bxg2 16. exf6 Qxf6 17.
Kxg2 Qxf5 18. Bxc7 Nc6 19. Bf4 Qd5+ 20. Kg1 Rfe8 21.
Qd2 c4 22. Rad1 Rad8 23. Rfe1 h6 24. h4 b5 25. Be3 d3 26. Nc3 Qf5 27. a3 Ne5 28.
Kg2 Nf3 29. Qc1 Qg4 30. Nxb5 Nxh4+ 31. Kh2 Nf3+ 32. Kg2 Nxe1+ 33. Rxe1 Qe4+ 34. f3 Qd5 35. Nc3 Qc6 36. Qd2 Re6 37. Bf2 Rde8 38. Rxe6 Rxe6 39.
Qf4 f6 40. Ne4 Re8 41. Qd2 Rd8 42. g4 Rd7 43. Be3 Qd5 44. Qc3 Re7 45. Qb4 Kf7 46. Nd6+ Kg8 47. Nf5 Rxe3 48. Nxe3 Qe5 49. Qd2 Qd4 50. Nf5 Qd7 51. Ne3 Qd4 52. Kf2 Qc5 53.
Qc3 Qd6 54. Nxc4 1-0

[Event "*** SCC Grand Prix: Titled Tuesday Blitz"]
[Site "Chess.com"]
[Date "2020.06.02"]
[Round "4"]
[White "DiamondCrusher22"]
[Black "Galileo22"]
[Result "0-1"]
[WhiteElo "1976"]
[BlackElo "2369"]
[TimeControl "180+1"]
[EndTime "10:40:43 PDT"]
[Termination "Galileo22 won by resignation"]

1. e4 c5 2. Nf3 d6 3. c3 Nf6 4. Be2 g6 5. O-O Bg7 6. Bb5+ Nbd7 7. e5 dxe5 8. Nxe5 O-O 9. Nxd7 Nxd7 10. d3 a6 11. Ba4 Ne5 12. Bc2 Nc6 13. Be3 b6 14. Nd2 Bb7 15. Re1 Qc7 16. Qg4 Rad8 17. Nf3 e5 18.
Qh4 f6 19. Bh6 Ne7 20. Bxg7 Kxg7 21. Nd2 Nd5 22. g3 Ne7 23. Rad1 Nf5 24. Qg4 h5 25.
Qe2 h4 26. Ne4 hxg3 27. fxg3 Ne7 28. Rf1 Qc6 29. Qf3 f5 30. Ng5 Qxf3 31. Nxf3 Nc6 32.
Rfe1 Kf6 33. Kf2 Rh8 34. Rh1 Nb8 35. h4 Bxf3 36. Kxf3 Nc6 37. Rhe1 b5 38. d4 exd4 39. c4 b4 40. Ba4 Ne5+ 41. Kf2 Ng4+ 42. Kf3 Rh7 43. b3 Re7 44. Rxe7 Kxe7 45. Kf4 Kf6 46.
Re1 Ne3 47. h5 Ng2+ 48. Kf3 Nxe1+ 49. Ke2 Nc2 50. Kd2 Ne3 51. Kd3 gxh5 52. g4 hxg4 53.
a3 a5 54. axb4 axb4 55. Bd7 Ke5 56. Bxf5 Kxf5 57. Ke2 Kf4 0-1

[Event "*** SCC Grand Prix: Titled Tuesday Blitz"]
[Site "Chess.com"]
[Date "2020.06.02"]
[Round "4"]
[White "Harsha_Bharathakoti"]
[Black "GMBenjaminBok"]
[Result "1/2-1/2"]
[WhiteElo "2733"]
[BlackElo "2908"]
[TimeControl "180+1"]
[EndTime "10:40:44 PDT"]
[Termination "Game drawn by agreement"]

1. c4 e6 2. d4 d5 3. Nf3 Nf6 4. Nc3 c6 5. e3 Nbd7 6. Qc2 Bd6 7. Be2 O-O 8. O-O b6 9. b3 Bb7 10. Bb2 Qe7 11. Rfd1 Rfd8 12. Rac1 Rac8 13. Qb1 h6 14. cxd5 exd5 15. Bf1 Re8 16. g3 Rcd8 17. Bg2 Ne4 18. Nxe4 dxe4 19. Nd2 f5 20. Nc4 Bb8 21. Qc2 Qe6 22. a4 Rc8 23. Qe2 Nf6 24. Ne5 c5 25.
Bh3 Bd5 26. Nc4 cxd4 27. Bxd4 Nd7 28. Qh5 Rf8 29. Bb2 Bxc4 30. Rxc4 Rxc4 31. bxc4 Ne5 32.
Bxe5 Bxe5 33. Rd5 Kh7 34. g4 g6 35. gxf5 gxf5 36. Kf1 Rf6 37. Qd1 Rf8 38. Rd7+ Rf7 39. Rxf7+ Qxf7 40. Qd5 Qxd5 41. Bxf5+ Kg7 42. cxd5 Bxh2 43.
Bxe4 Bd6 44. Ke2 Kf6 45. f4 h5 46. Bd3 h4 47. Kf3 h3 48. Bf1 h2 49. Kg2 Bc5 50. e4 Be3 51. e5+ Kf5 52. Bd3+ Kxf4 53. d6 Bc5 54. d7 Be7 55. e6 Ke5 56. Kxh2 Kxe6 57. Bb5 Kd6 58. Kg2 1/2-1/2